 Dungeon Crawl Stone Soup version 0.31-a0-744-gbc345e7fcb (webtiles) character file.

Game seed: 5869739087679916370

1549 Dittersdorf the Cudgeller (level 8, 0/52 HPs)
             Began as a Gargoyle Fighter on Sept 13, 2023.
             Was an Initiate of Gozag.
             Splashed by a jelly's acid (4 damage)
             ... on level 5 of the Dungeon.
             The game lasted 00:07:41 (4574 turns).

Dittersdorf the Cudgeller (Gargoyle Fighter)        Turns: 4574, Time: 00:07:42

Health: 0/52       AC:  3    Str: 21    XL:     8   Next: 87%
Magic:  0/8        EV:  9    Int: 10    God:    Gozag
Gold:   183        SH:  9    Dex:  9    Spells: 7/7 levels left

rFire   . . .        a - +0 flail
rCold   . . .        r - +0 kite shield
rNeg    + + .        w - +2 ring mail {rN+}
rPois   ∞            u - +0 helmet
rElec   +            p - +1 cloak
rCorr   .            (no gloves)
SInv    .            f - +0 pair of boots
Will    .....        j - amulet of guardian spirit Stlth
                     (no ring)
HPRegen 0.28/turn    (no ring)
MPRegen 0.11/turn

%: guardian spirit
@: corroded, studying Maces & Flails
A: sickness immunity, AC +5, negative energy resistance 1, electricity
resistance, torment resistance 1, petrification resistance
a: Renounce Religion, Potion Petition, Call Merchant, Bribe Branch


You were on level 5 of the Dungeon.
You worshipped Gozag.
Gozag was aware of your devotion.
You visited 2 branches of the dungeon, and saw 6 of its levels.

You collected 267 gold pieces.
You paid 84 gold pieces to Gozag.

Inventory:

Hand Weapons
 a - a +0 flail (weapon)
 q - a +2 morningstar of distortion
Missiles
 i - 6 poisoned darts (quivered)
Armour
 f - a +0 pair of boots (worn)
 p - a +1 cloak (worn)
 r - a +0 kite shield (worn)
 u - a +0 helmet (worn)
 w - a +2 ring mail of positive energy (worn)
Jewellery
 j - an amulet of guardian spirit (around neck)
Wands
 g - a wand of flame (11)
Scrolls
 h - 3 scrolls of teleportation
 s - 2 scrolls of fear
 t - a scroll of enchant weapon
Potions
 b - a potion of cancellation {unknown}
 c - a potion of attraction {unknown}
 d - a potion of might
 e - a potion of curing
 k - a potion of resistance {unknown}
 o - a potion of invisibility


   Skills:
 + Level 6.7 Fighting
 + Level 7.3 Maces & Flails
 + Level 6.8 Armour
 + Level 6.7 Shields


You had 7 spell levels left.
You didn't know any spells.
Your spell library contained the following spells:

 Spells                   Type           Power      Damage    Failure   Level
 Shock                    Conj/Air       0%         1d3       77%         1
 Call Canine Familiar     Summ           0%         N/A       98%         3
 Inner Flame              Hex/Fire       0%         N/A       98%         3
 Sigil of Binding         Hex            0%         N/A       98%         3
 Swiftness                Air            0%         N/A       98%         3
 Airstrike                Air            0%         2d(0-16)  100%        4
 Dimensional Bullseye     Hex/Tloc       0%         N/A       100%        4
 Flame Wave               Conj/Fire      0%         2d4       100%        4
 Leda's Liquefaction      Hex/Erth       0%         N/A       100%        4
 Sticky Flame             Conj/Fire      0%         2d3       100%        4


Dungeon Overview and Level Annotations

Branches:
Dungeon (5/15)             Temple (1/1) D:5

Altars:
Ashenzari
Elyvilon
Gozag
Kikubaaqudgha
Nemelex Xobeh
Qazlal
Sif Muna
Trog
Uskayaw
Vehumet
Wu Jian
Xom
Yredelemnul
Zin
The Shining One


Innate Abilities, Weirdness & Mutations

You are immune to sickness and miasma.
Your stone body is resilient. (AC +5)
You are immune to poison.
You resist negative energy. (rN+)
You are resistant to electric shocks. (rElec)
You are resistant to unholy torment.
You are immune to petrification.


Message History

The jelly is severely wounded.
The jelly hits you but does no damage.
You hit the jelly.
Your hands burn!
The jelly is almost dead.
The jelly closely misses you.
You are too injured to fight recklessly!
You are too injured to fight recklessly!
You are too injured to fight recklessly!
You are too injured to fight recklessly!
You are too injured to fight recklessly!
You are too injured to fight recklessly!
You are too injured to fight recklessly!
You are too injured to fight recklessly!
You are too injured to fight recklessly!
You are too injured to fight recklessly!
You are too injured to fight recklessly!
You are too injured to fight recklessly!
You are too injured to fight recklessly!
You are too injured to fight recklessly!
You are too injured to fight recklessly!
You hit the jelly but do no damage.
Your hands burn!
The jelly is almost dead.
The jelly hits you but does no damage.
You barely miss the jelly.
The jelly is almost dead.
The jelly hits you.
You are splashed with acid!
The jelly hits you.
* * * LOW HITPOINT WARNING * * *
You are splashed with acid!
* * * LOW HITPOINT WARNING * * *
You hit the jelly but do no damage.
Your hands burn!
* * * LOW HITPOINT WARNING * * *
The jelly is almost dead.
The jelly barely misses you.
You hit the jelly.
Your hands burn!
* * * LOW HITPOINT WARNING * * *
The jelly is almost dead.
You block the jelly's attack.
You hit the jelly but do no damage.
Your hands burn!
You die...
Your body crumbles into a pile of gold.

##....).####....###
.....##...........##
.......#...........#
....>.............###
...)..##............###
......##......##......#
......#.......$......$##
......##...............#
.>......#.......@J....#
.....#..........##....#
######...........# .###
# #.............. .# ##
.............[...#
.###.###.............
....................#
####...............##
####..............##


You could see a jelly.

Vanquished Creatures
  Grinder (D:4)
  Prince Ribbit (D:5)
  Eustachio (D:4)
  Menkaure (D:5)
  2 black bears (D:5)
  An ogre (D:3)
  Blork the orc (D:5)
  A kobold brigand (D:4)
  2 scorpions
  A howler monkey (D:4)
  4 hounds
  Crazy Yiuf (D:2)
  A jelly (D:4)
  An iguana (D:4)
  Terence (D:3)
  3 adders
  A worm (D:4)
  5 dart slugs
  6 orcs
  8 ball pythons
  2 bats
  5 endoplasms
  5 giant cockroaches
  10 goblins
  10 hobgoblins
  2 quokkas
  10 frilled lizards
  16 kobolds
  5 rats
108 creatures vanquished.

Notes
Turn   | Place    | Note
-------+----------+-------------------------------------------
     0 | D:1      | Dittersdorf the Gargoyle Fighter began the quest for the
                  | Orb.
     0 | D:1      | Reached XP level 1. HP: 14/14 MP: 1/1
   103 | D:1      | Reached XP level 2. HP: 19/19 MP: 2/2
   354 | D:1      | Reached XP level 3. HP: 23/23 MP: 3/3
   960 | D:2      | Identified the +11 dagger "Lurexoorgh" {elec, rPois MP+9
                  | Str+2}
  1249 | D:2      | Reached XP level 4. HP: 28/29 MP: 4/4
  1406 | D:2      | Found a runed translucent door.
  1407 | D:2      | Noticed Crazy Yiuf
  1670 | D:2      | Killed Crazy Yiuf
  1873 | D:3      | Reached XP level 5. HP: 27/33 MP: 3/5
  1919 | D:3      | Noticed Terence
  1938 | D:3      | Killed Terence
  1939 | D:3      | Reached skill level 3 in Maces & Flails
  2418 | D:3      | Noticed an ogre
  2429 | D:3      | Killed an ogre
  2430 | D:3      | Reached XP level 6. HP: 12/39 MP: 1/6
  2814 | D:4      | Identified a scroll of acquirement
  2814 | D:4      | Acquired a manual of Maces & Flails
  2969 | D:4      | Noticed Eustachio
  3010 | D:4      | Killed Eustachio
  3011 | D:4      | Reached skill level 4 in Maces & Flails
  3097 | D:4      | Noticed Grinder
  3111 | D:4      | Paralysed by Grinder for 3 turns
  3115 | D:4      | Killed Grinder
  3116 | D:4      | Reached skill level 5 in Fighting
  3116 | D:4      | Reached skill level 5 in Armour
  3116 | D:4      | Reached skill level 5 in Shields
  3116 | D:4      | Reached XP level 7. HP: 44/44 MP: 7/7
  3261 | D:4      | Found a glowing golden altar of the Shining One.
  3298 | D:4      | Reached skill level 5 in Maces & Flails
  3769 | D:4      | Reached XP level 8. HP: 51/51 MP: 8/8
  3940 | D:5      | Entered Level 5 of the Dungeon
  3971 | D:5      | Reached skill level 6 in Maces & Flails
  4107 | D:5      | Noticed Prince Ribbit
  4160 | D:5      | Killed Prince Ribbit
  4259 | D:5      | Noticed Menkaure
  4271 | D:5      | Killed Menkaure
  4272 | D:5      | Reached skill level 7 in Maces & Flails
  4303 | D:5      | Found a staircase to the Ecumenical Temple.
  4314 | Temple   | Entered the Ecumenical Temple
  4348 | Temple   | Became a worshipper of Gozag Ym Sagoz the Greedy
  4367 | D:5      | Noticed Blork the orc
  4384 | D:5      | Killed Blork the orc
  4574 | D:5      | Splashed by a jelly's acid

Illustrated notes

Levels and vault maps discovered:
D:1:      dpeg_arrival_morbid_curiosity, layout_loops_ring,
          kennysheep_small_spiral
D:2:      layout_basic, item_on_display_b, uniq_crazy_yiuf_cottage
D:3:      layout_basic, uniq_terence
D:4:      cheibrodos_thug_alley, layout_loops_ring, tso_altar,
          grunt_decor_mini_mirrors, grunt_decor_resistance,
          reono_crystal_passage, minmay_misc_feat_iff,
          hangedman_abyss_or_decor_passed, uniq_eustachio, uniq_grinder
D:5:      layout_cave_pools, minmay_temple_entry_waves, grunt_decor_arrowhead,
          uniq_prince_ribbit1, uniq_blork_the_orc, uniq_menkaure
Temple:   nicolae_temple_superstar

Skill      XL: |  1  2  3  4  5  6  7  8 |
---------------+-------------------------+-----
Armour         | 4 5 6 |  6.8
Fighting       | 4 5 6 |  6.7
Shields        | 4 5 6 |  6.7
Maces & Flails | 3 4 5 7 |  7.3

Action                     |  1- 3 |  4- 6 |  7- 9 || total
---------------------------+-------+-------+-------++-------
  Melee: Flail             |   145 |   128 |   198 ||   471
  Throw: Dart              |       |       |    17 ||    17
    Use: Scroll            |       |    12 |       ||    12
 Armour: Scale mail        |    98 |    46 |       ||   144
         Chain mail        |       |     4 |       ||     4
         Ring mail         |       |    44 |   132 ||   176
  Dodge: Dodged            |    87 |    61 |    62 ||   210
  Block: Buckler           |    37 |    13 |       ||    50
         Kite shield       |       |    20 |    85 ||   105

Table legend: (Time is in decaauts)
 A = Elapsed time spent in this place.
 B = Non-inter-level travel time spent in this place.
 C = Inter-level travel time spent in this place.
 D = Time resting spent in this place.
 E = Time spent auto-exploring this place.
 F = Levels seen in this place.
 G = Mean time per level.
                   A        B        C        D        E       F      G
               +--------+--------+--------+--------+--------+-----+--------+
         Total |   4735 |   4469 |    266 |    262 |   3036 |   6 |  789.2 |
       Dungeon |   4693 |   4466 |    227 |    262 |   3036 |   5 |  938.6 |
        Temple |     41 |      2 |     39 |      0 |      0 |   1 |   41.0 |
               +--------+--------+--------+--------+--------+-----+--------+

Top non-repeatable levels by time:
     D:4: 1209 daAuts
     D:2: 1034 daAuts
     D:3: 973 daAuts
     D:1: 906 daAuts
     D:5: 569 daAuts
  Temple: 41 daAuts
